AoeStats
← 知耻而后勇喜笑颜开

Arabian Desert

510262296Analyzed
1v1 RM · 2d ago on Sep 30, 2026· 32m 41s· 2 players
Game mode
Random Map
Map size
Tiny (2 player)
Population
200
Speed
Normal
Resources
Standard
Victory
Conquest
Starting age
Dark Age
Ending age
Imperial Age
RankedLock teamsTeams togetherTeam positionsShared explorationLock speedFull tech treeHidden civsTurbo modeCheats
Victory
Defeat
1406
+13
🇧🇷 Franks · Brazil
1337
-13
pollytam912
7:02 Loom
9:35 Feudal Age
10:42 Double-Bit Axe
19:00 Castle Age
19:52 Light Cavalry
22:25 Bow Saw
22:30 Stone Mining
32:42 Fletching
知耻而后勇喜笑颜开
8:08 Feudal Age
8:36 Double-Bit Axe
8:32 Horse Collar
12:08 Loom
14:02 Loom
16:46 Castle Age
14:56 Gold Mining
17:11 Loom
17:37 Bow Saw
17:28 Heavy Plow
18:05 Wheelbarrow
18:01 Town Watch
20:13 Gold Shaft Mining
21:03 Fletching
21:24 Forging
21:32 Pikeman
22:12 Squires
21:52 Pikeman
23:47 Fervor
27:13 Ballistics
27:24 Padded Archer Armor
30:09 Bodkin Arrow
31:29 Hand Cart
32:17 Leather Archer Armor
32:46 Bloodlines
32:36 Husbandry
Connection lost

Rejoining the realm…

Still unreachable

The connection could not be restored.

Session expired

The server has moved on; the page needs a fresh start.